 Dungeon Crawl Stone Soup version 0.22-a0-247-gbddf880 (webtiles) character file.

5573 JeffiDaFish the Tainter (level 10, -7/73 HPs)
             Began as a Red Draconian Venom Mage on Feb 27, 2018.
             Was a Believer of Vehumet.
             Mangled by an ettin
             ... wielding a +0 dire flail
              (40 damage)
             ... on level 1 of the Orcish Mines.
             The game lasted 00:32:52 (11949 turns).

JeffiDaFish the Tainter (Red Draconian Venom Mage) Turns: 11949, Time: 00:32:53

Health: -7/73      AC: 11    Str: 10    XL:     10   Next: 44%
Magic:  20/24      EV: 12    Int: 19    God:    Vehumet [**....]
Gold:   564        SH:  0    Dex: 14    Spells: 11/26 levels left

rFire    + + +     SeeInvis .   y - +6 triple sword of Loppoani {slice, Dex+2}
rCold    . . .     Gourm    .   (shield currently unavailable)
rNeg     . . .     Faith    .   (armour unavailable)
rPois    +         Spirit   .   (helmet restricted)
rElec    .         Reflect  .   i - +0 cloak
rCorr    .         Harm     .   (no gloves)
MR       .....                  C - +1 pair of boots "Ismom" {rF+}
Stlth    ++........             j - amulet of magic regeneration
HPRegen  0.22/turn              b - ring of protection from fire
MPRegen  0.44/turn              t - ring of poison resistance

@: radiating poison
A: breathe fire, unfitting armour, hooves 1, fire resistance 1, high mp 1,
shaggy fur 1, cold-blooded, AC +7
a: Breathe Fire, Renounce Religion


You were on level 1 of the Orcish Mines.
You worshipped Vehumet.
Vehumet was pleased with you.
You were hungry.

You visited 3 branches of the dungeon, and saw 11 of its levels.

You collected 846 gold pieces.
You spent 282 gold pieces at shops.

Inventory:

Hand Weapons
 f - a +1 hand axe
 y - the +6 triple sword of Loppoani (weapon) {slice, Dex+2}
   (You acquired it on level 7 of the Dungeon)

   It inflicts extra damage upon your enemies.
   It affects your dexterity (+2).
Armour
 i - a +0 cloak (worn)
 k - a +0 pair of boots
 s - a +0 buckler
 C - the +1 pair of boots "Ismom" (worn) {rF+}
   (You bought it in a shop on level 8 of the Dungeon)

   It protects you from fire.
Jewellery
 b - a ring of protection from fire (left hand)
 j - an amulet of magic regeneration (around neck)
 o - an uncursed ring of flight
 t - a ring of poison resistance (right hand)
 v - an uncursed ring of protection from cold
Wands
 m - a wand of random effects (20)
 q - a wand of scattershot (6)
 z - a wand of clouds (6)
Scrolls
 e - 5 scrolls of teleportation
 h - 4 scrolls of remove curse
 n - a scroll of magic mapping
 r - 2 scrolls of amnesia
 u - 2 scrolls of fear
Potions
 c - 4 potions of heal wounds
 d - 2 potions of agility
 g - 2 potions of brilliance
 l - 2 potions of flight
 p - a potion of curing
 w - a potion of haste
 B - 2 potions of might
 D - a potion of berserk rage
Comestibles
 a - 18 rations
 x - 3 chunks of flesh


   Skills:
 + Level 2.1 Fighting
 + Level 2.0 Long Blades
 - Level 1.7 Dodging
 - Level 1.7 Stealth
 - Level 0.1 Unarmed Combat
 * Level 8.6 Spellcasting
 + Level 6.4 Conjurations
 - Level 6.3 Air Magic
 + Level 8.9 Poison Magic


You had 11 spell levels left.
You knew the following spells:

 Your Spells              Type           Power        Failure   Level  Hunger
a - Sting                 Conj/Pois      ####         1%          1    None
b - Poisonous Vapours     Pois/Air       #####.       1%          2    None
c - Mephitic Cloud        Conj/Pois/Air  #####...     1%          3    None
d - Olgreb's Toxic Radia  Pois           #####...     1%          4    ###....
e - Venom Bolt            Conj/Pois      #####.....   10%         5    #####..


Dungeon Overview and Level Annotations

Branches:
Dungeon (9/15)             Temple (1/1) D:6             Orc (1/2) D:9
   Lair: D:8-11

Altars:
Ashenzari
Cheibriados
Dithmenos
Gozag
Hepliaklqana
Kikubaaqudgha
Nemelex Xobeh
Okawaru
Qazlal
Ru
Sif Muna
Trog
Uskayaw
Vehumet
Wu Jian
Zin
The Shining One

Shops:
D:8 [

Annotations:
D:7 chris0x's ghost, novice GrCK
Orc:1 theclanless's ghost, journeyman VSFi


Innate Abilities, Weirdness & Mutations

You can breathe blasts of fire.
Your fiery red scales are hard. (AC +7)
You cannot fit into any form of body armour.
Your flesh is heat resistant. (rF+)
You are cold-blooded and may be slowed by cold attacks.
You have large cloven feet.
You have an increased reservoir of magic. (+10% MP)
You are covered in fur. (AC +1)


Message History

Vehumet accepts your kill.
You feel your power returning.
The ettin looks as sick as possible!
The ogre looks even sicker.
Vehumet accepts your kill.
Reactivating autopickup.
You feel a bit more experienced.
Your toxic aura wanes.
You kill the ogre!
Vehumet accepts your kill.
Your Long Blades skill increases to level 2!
Things that are here:
a club; a ring mail
Casting: Olgreb's Toxic Radiance (safe; 1% risk of failure)
Confirm with . or Enter, or press ? or * to list all spells.
You begin to radiate toxic energy.
The ettin hits you with a dire flail!!!
Ouch! That really hurt!
The ettin hits you with a dire flail!!!
Ouch! That really hurt!
You die...

###.. .......... ##.....
.............
#.....####............
......##.............
####......##.........>..
##.#...##.#...##.........
##......#...........>.....
####........@C..W..#...W.....
##...#...#....##...#...).)..).
#.....#.......###.............
###....#......).#...#..........
##...............##.#...........
#..........#.....#...........$$.
##...............#.........#.....
#...#..................#..##....#
#. ##.........[........###.....#


You could see an ettin and theclanless's ghost.

Vanquished Creatures
  A two-headed ogre (D:8)
  A hippogriff (D:7)
  Sigmund (D:5)
  3 yaks (D:9)
  Duvessa (D:5)
  An ice beast (D:6)
  2 black bears
  5 orc warriors
  7 ogres
  A centaur (D:8)
  2 phantoms
  2 bullfrogs
  A water moccasin skeleton (D:8)
  Dowan (D:5)
  9 killer bees
  5 wights (D:8)
  6 electric eels (D:6)
  3 crimson imps
  A howler monkey (D:4)
  2 hounds
  A quasit (D:9)
  8 orc priests
  10 orc wizards
  5 iguanas
  11 worker ants
  A killer bee zombie (D:8)
  A hound skeleton (D:5)
  A worker ant zombie (D:8)
  Robin (D:4)
  4 gnolls (D:6)
  8 adders
  3 shadow imps (D:6)
  An adder skeleton (D:8)
  2 adder zombies
  5 dart slugs
  6 leopard geckos
  30 orcs
  8 bats
  5 giant cockroaches
  12 hobgoblins
  6 jackals
  A quokka (D:9)
  4 frilled lizards
  17 goblins
  2 goblin skeletons (D:6)
  2 goblin zombies (D:6)
  2 hobgoblin zombies (D:6)
  4 kobolds
  A kobold skeleton (D:6)
  An orc skeleton (D:6)
  7 rats
225 creatures vanquished.

Notes
Turn   | Place    | Note
-------+----------+-------------------------------------------
     0 | D:1      | JeffiDaFish the Draconian Venom Mage began the quest for the Orb.
     0 | D:1      | Reached XP level 1. HP: 14/14 MP: 3/3
   319 | D:1      | Reached XP level 2. HP: 20/20 MP: 5/5
   359 | D:1      | Learned a level 2 spell: Poisonous Vapours
   889 | D:2      | Reached XP level 3. HP: 15/26 MP: 4/6
  1077 | D:2      | Gained mutation: You have an increased reservoir of magic. (+10% MP) [potion of mutation]
  1077 | D:2      | Gained mutation: You are covered in fur. (AC +1) [potion of mutation]
  1077 | D:2      | Gained mutation: You have large cloven feet. [potion of mutation]
  1408 | D:2      | Reached XP level 4. HP: 13/33 MP: 0/9
  2171 | D:3      | Learned a level 3 spell: Mephitic Cloud
  2498 | D:3      | Found a glowing silver altar of Zin.
  2776 | D:3      | Found a deep blue altar of Sif Muna.
  2794 | D:3      | Reached XP level 5. HP: 33/38 MP: 4/10
  2846 | D:4      | Noticed Robin
  2859 | D:4      | Reached skill level 1 in Air Magic
  2861 | D:4      | Killed Robin
  3175 | D:4      | Reached XP level 6. HP: 35/45 MP: 9/12
  3195 | D:4      | Learned a level 4 spell: Olgreb's Toxic Radiance
  3292 | D:4      | Reached skill level 5 in Poison Magic
  4058 | D:5      | Entered Level 5 of the Dungeon
  4100 | D:5      | Your scales start taking on a fiery red colour.
  4100 | D:5      | Reached XP level 7. HP: 26/50 MP: 15/15
  4100 | D:5      | Gained mutation: Your flesh is heat resistant. (rF+) [Red Draconian growth]
  4592 | D:5      | Found a shattered altar of Ashenzari.
  4649 | D:5      | Noticed Sigmund
  4659 | D:5      | Killed Sigmund
  4659 | D:5      | Reached skill level 5 in Spellcasting
  4694 | D:5      | Noticed Dowan
  4695 | D:5      | Noticed Duvessa
  4713 | D:5      | Killed Dowan
  4720 | D:5      | Killed Duvessa
  4720 | D:5      | Reached XP level 8. HP: 57/57 MP: 11/17
  5187 | D:6      | Found a glowing golden altar of the Shining One.
  7093 | D:6      | Found a staircase to the Ecumenical Temple.
  7104 | Temple   | Entered the Ecumenical Temple
  7144 | Temple   | Became a worshipper of Vehumet
  7459 | D:6      | Learned a level 5 spell: Venom Bolt
  7890 | D:7      | Reached XP level 9. HP: 50/62 MP: 4/20
  7922 | D:7      | Noticed chris0x's ghost (novice GrCK)
  8221 | D:7      | Found a hide-covered altar of Uskayaw.
  8227 | D:7      | Reached skill level 5 in Conjurations
  8318 | D:7      | Identified a scroll of acquirement
  8319 | D:7      | Got a polished triple sword
  8320 | D:7      | Identified the +6 triple sword of Loppoani {slice, Dex+2} (You acquired it on level 7 of the Dungeon)
  9152 | D:8      | Noticed a two-headed ogre
  9165 | D:8      | Killed a two-headed ogre
  9165 | D:8      | Reached skill level 5 in Air Magic
  9231 | D:8      | Reached * piety under Vehumet
  9231 | D:8      | Offered knowledge of Sandblast by Vehumet.
  9541 | D:8      | Found Uxais's Armour Emporium.
  9541 | D:8      | Found an opulent altar of Gozag.
  9544 | D:8      | Found an ornate altar of the Wu Jian Council.
  9570 | D:8      | Bought the +1 pair of boots "Ismom" {rF+} for 282 gold pieces
  9700 | D:8      | Found a shadowy altar of Dithmenos.
  9705 | D:8      | Found a snail-covered altar of Cheibriados.
 10401 | D:9      | Reached XP level 10. HP: 67/69 MP: 17/24
 10619 | D:9      | Found a staircase to the Orcish Mines.
 10993 | D:9      | Reached skill level 1 in Fighting
 10993 | D:9      | Reached skill level 1 in Long Blades
 11459 | Orc:1    | Entered Level 1 of the Orcish Mines
 11466 | Orc:1    | Reached ** piety under Vehumet
 11466 | Orc:1    | Offered knowledge of Flame Tongue by Vehumet.
 11928 | Orc:1    | Noticed an ettin
 11932 | Orc:1    | Noticed theclanless's ghost (journeyman VSFi)
 11949 | Orc:1    | Mangled by an ettin

Vault maps used:
D:1:      dpeg_arrival_simpleton_c
D:2:      first_ration, minmay_fountain_box, minmay_pentomino_x2
D:3:      nicolae_overflow_crystal_walls, grunt_ministairs_11, led_sif_book
D:4:      lightli_corner_chamber, uniq_robin
D:5:      evilmike_ruin_ashenzari, uniq_duvessa, uniq_sigmund
D:6:      cheibrodos_two_vegetables, nicolae_tso_besieged_by_evil,
          minmay_temple_entry_nine_rooms, feat_on_display
D:7:      eat_drink_and_be_merry_uskayaw, hangedman_misty_isle
D:8:      minitemple, serial_shops, shop_coins
D:9:      orc_0_dummy
Temple:   jpeg_temple_clearing

Skill      XL: |  1  2  3  4  5  6  7  8  9 10 |
---------------+-------------------------------+-----
Conjurations   | 2 3 4 5 6 |  6.4
Poison Magic   | 4 5 6 7 8 |  8.9
Spellcasting   | 3 4 5 6 7 8 |  8.6
Air Magic      | 1 2 3 4 6 |  6.3
Fighting       | 2 |  2.1
Long Blades    | 2 |  2.0
Dodging        | |  1.7
Stealth        | |  1.7
Unarmed Combat | |  0.1

Action                   |  1- 3 |  4- 6 |  7- 9 | 10-12 || total
-------------------------+-------+-------+-------+-------++-------
Melee: Unarmed           |    16 |       |       |       ||    16
       Whip              |    16 |       |       |       ||    16
       Tailslap          |     3 |    13 |    29 |     7 ||    52
       Hand axe          |    69 |   126 |   191 |       ||   386
       Kick              |     1 |    24 |       |       ||    25
       Triple sword      |       |       |    69 |    43 ||   112
 Cast: Sting             |    32 |    19 |    31 |       ||    82
       Poisonous Vapours |     4 |    46 |    58 |     2 ||   110
       Mephitic Cloud    |       |     3 |    15 |     4 ||    22
       Olgreb's Toxic Ra |       |       |    11 |     6 ||    17
       Venom Bolt        |       |       |     1 |     3 ||     4
 Abil: Breathe Fire      |       |       |     4 |       ||     4
  Use: Potion            |     3 |     2 |     4 |       ||     9
       Scroll            |     3 |     8 |     5 |     2 ||    18
 Stab: Sleeping          |     1 |     2 |     3 |     1 ||     7
       Confused          |       |     3 |     5 |     2 ||    10
  Eat: Chunk             |     2 |    11 |    14 |     6 ||    33
       Ration            |       |       |     3 |       ||     3
Armor: Skin              |    36 |    50 |   156 |    26 ||   268
Dodge: Dodged            |    88 |   108 |   228 |    38 ||   462
       Rpst.: Triple sword |       |       |    20 |    13 ||    33

Table legend:
 A = Spawn XP
 B = Non-spawn XP
 C = Spawn XP percentage of total XP
 D = Spawn monster count
 E = Non-spawn monster count
 F = Spawn count percentage of total count
 G = Total turns spent on level
                    A         B        C        D         E        F      G
               +---------+---------+-------+---------+---------+-------+---------
         Total |       0 |    7962 |   0.0 |       0 |     225 |   0.0 | 11949
               +---------+---------+-------+---------+---------+-------+---------
           D:1 |       0 |      38 |   0.0 |       0 |      23 |   0.0 |   865
           D:2 |       0 |      61 |   0.0 |       0 |      19 |   0.0 |  1033
           D:3 |       0 |     135 |   0.0 |       0 |      17 |   0.0 |   948
           D:4 |       0 |     497 |   0.0 |       0 |      38 |   0.0 |  1212
           D:5 |       0 |     812 |   0.0 |       0 |      14 |   0.0 |   882
           D:6 |       0 |     975 |   0.0 |       0 |      31 |   0.0 |  2559
           D:7 |       0 |     925 |   0.0 |       0 |      17 |   0.0 |  1366
           D:8 |       0 |    1855 |   0.0 |       0 |      27 |   0.0 |  1210
           D:9 |       0 |    1328 |   0.0 |       0 |      19 |   0.0 |  1606
         Orc:1 |       0 |    1336 |   0.0 |       0 |      20 |   0.0 |   204
               +---------+---------+-------+---------+---------+-------+---------
